AoeStats
← Fatamon6

Arena

506145581Analyzed
4v4 RM · 20d ago on Sep 12, 2026· 60m 33s· 8 players
Game mode
Random Map
Map size
Large (8 player)
Population
200
Speed
Normal
Resources
Standard
Victory
Conquest
Starting age
Dark Age
Ending age
Imperial Age
RankedLock teamsTeams togetherTeam positionsShared explorationLock speedFull tech treeHidden civsTurbo modeCheats
Victory
Defeat
🇹🇷 Britons · Türkiye
980
+13
🇨🇳 Spanish · China
943
+15
🇨🇳 Magyars · China
941
+15
🇨🇳 Maya · China
884
+17
🇦🇹 Hindustanis · Austria
915
-15
🇻🇳 Huns · Vietnam
911
-15
🇹🇼 Turks · Taiwan
909
-15
🇨🇳 Khmer · China
909
-15
LE MINH NHAT
10:48 Feudal Age
11:21 Double-Bit Axe
16:01 Castle Age
14:02 Horse Collar
18:06 Wheelbarrow
20:58 Bow Saw
21:24 Hand Cart
24:18 Stone Mining
25:07 Gold Mining
25:43 Heavy Plow
27:27 Scale Barding Armor
27:33 Forging
27:40 Husbandry
28:54 Bloodlines
28:07 Light Cavalry
33:02 Imperial Age
32:00 Gold Shaft Mining
32:11 Marauders
34:14 Conscription
34:18 Chain Barding Armor
35:19 Two-Man Saw
35:58 Iron Casting
35:59 Plate Barding Armor
35:57 Hussar
36:02 Elite Tarkan
42:56 Blast Furnace
46:14 Pikeman
46:57 Squires
47:05 Scale Mail Armor
48:19 Halberdier
Fatamon6
10:17 Feudal Age
10:00 Loom
15:51 Castle Age
14:23 Horse Collar
14:55 Double-Bit Axe
17:44 Wheelbarrow
20:58 Bow Saw
20:51 Heavy Plow
23:36 Gold Mining
24:54 Gold Shaft Mining
25:25 Hand Cart
25:01 Town Watch
27:35 Town Patrol
30:23 Imperial Age
28:58 Forging
28:53 Scale Barding Armor
28:39 Fletching
30:00 Murder Holes
30:16 Fortified Wall
30:27 Ballistics
30:47 Stone Mining
31:13 Bloodlines
31:03 Husbandry
32:57 Stone Shaft Mining
31:48 Heavy Camel Rider
33:23 Iron Casting
33:09 Chain Barding Armor
32:46 Bodkin Arrow
32:52 Padded Archer Armor
34:52 Chemistry
33:23 Elite Skirmisher
33:42 Imperial Camel Rider
36:11 Two-Man Saw
36:14 Blast Furnace
35:50 Plate Barding Armor
36:31 Masonry
39:32 Conscription
39:13 Grand Trunk Road
39:49 Hoardings
39:16 Shatagni
57:09 Leather Archer Armor
56:55 Bracer
h1590
chentao_1209
3:40 Loom
10:49 Feudal Age
14:25 Castle Age
12:31 Horse Collar
13:00 Double-Bit Axe
23:46 Wheelbarrow
23:59 Heavy Plow
24:58 Bow Saw
30:46 Imperial Age
28:41 Gold Mining
30:37 Hand Cart
31:31 Tusk Swords
31:54 Conscription
32:03 Ballistics
32:16 Padded Archer Armor
33:10 Crop Rotation
32:58 Double Crossbow
33:40 Gold Shaft Mining
35:08 Chemistry
34:40 Fletching
35:05 Leather Archer Armor
34:14 Elite Ballista Elephant
37:13 Bodkin Arrow
45:52 Bracer
最好的坤坤
11:20 Feudal Age
15:30 Castle Age
13:55 Horse Collar
17:29 Loom
22:27 Double-Bit Axe
23:09 Heavy Plow
25:53 Bow Saw
26:07 Gold Mining
26:58 Wheelbarrow
30:32 Imperial Age
30:06 Hand Cart
29:45 Gold Mining
29:47 Stone Mining
31:38 Conscription
31:58 Elite Conquistador
33:36 Stone Shaft Mining
33:37 Padded Archer Armor
33:29 Fletching
33:59 Husbandry
34:09 Bloodlines
35:20 Two-Man Saw
36:54 Thumb Ring
38:08 Forging
37:54 Bodkin Arrow
38:16 Leather Archer Armor
37:25 Heavy Cavalry Archer
38:28 Ballistics
39:09 Chemistry
41:57 Bracer
42:28 Ring Archer Armor
53:19 Caravan
林
10:08 Feudal Age
13:45 Castle Age
12:01 Double-Bit Axe
22:25 Stone Mining
23:22 Wheelbarrow
24:17 Horse Collar
27:05 Heavy Plow
28:50 Hand Cart
28:33 Loom
31:22 Imperial Age
29:10 Bow Saw
29:26 Padded Archer Armor
29:16 Fletching
29:32 Corvinian Army
31:54 Thumb Ring
31:26 Heavy Cavalry Archer
32:31 Parthian Tactics
32:37 Gold Mining
33:19 Crop Rotation
33:53 Two-Man Saw
33:38 Ballistics
34:19 Chemistry
33:32 Recurve Bow
33:52 Conscription
34:22 Gold Shaft Mining
34:57 Conscription
34:18 Elite Magyar Huszar
41:25 Bodkin Arrow
43:22 Leather Archer Armor
43:08 Bracer
48:05 Scale Barding Armor
48:00 Scale Mail Armor
48:31 Ring Archer Armor
59:17 Chain Barding Armor
Eskiçeri
12:07 Feudal Age
15:56 Castle Age
14:44 Double-Bit Axe
15:21 Horse Collar
17:42 Bow Saw
17:37 Heavy Plow
24:42 Wheelbarrow
24:41 Gold Mining
26:33 Gold Shaft Mining
27:02 Hand Cart
30:16 Imperial Age
29:34 Padded Archer Armor
29:24 Fletching
29:45 Forging
29:54 Husbandry
30:05 Scale Barding Armor
29:53 Stone Mining
31:02 Cavalier
32:51 Iron Casting
33:00 Chain Barding Armor
34:01 Loom
34:02 Town Watch
35:19 Blast Furnace
35:34 Plate Barding Armor
36:12 Two-Man Saw
36:17 Town Patrol
39:54 Fortified Wall
39:40 Murder Holes
猫娘
10:56 Feudal Age
12:50 Double-Bit Axe
15:28 Castle Age
16:09 Fletching
16:19 Padded Archer Armor
16:08 Horse Collar
17:16 Heavy Plow
17:32 Bow Saw
17:17 Loom
21:48 Squires
23:35 Squires
25:06 Crossbowman
26:07 Ballistics
27:57 Thumb Ring
28:04 Gold Mining
28:04 Stone Mining
29:18 Fletching
29:28 Padded Archer Armor
31:04 Pikeman
32:00 Arson
31:36 Eagle Warrior
32:29 Forging
32:20 Scale Mail Armor
32:17 Bodkin Arrow
32:23 Padded Archer Armor
35:33 Imperial Age
32:53 Treadmill Crane
33:13 Eagle Warrior
34:44 Devotion
34:40 Herbal Medicine
35:45 Arbalester
35:48 Elite Skirmisher
36:49 Faith
37:58 Chemistry
37:38 Murder Holes
37:53 Masonry
37:30 Halberdier
38:21 Stone Mining
39:13 Crop Rotation
40:58 Bracer
41:13 Leather Archer Armor
43:03 Wheelbarrow
54:33 Conscription
57:41 Hul'che Javelineers
58:05 Hul'che Javelineers
58:11 Hul'che Javelineers
Connection lost

Rejoining the realm…

Still unreachable

The connection could not be restored.

Session expired

The server has moved on; the page needs a fresh start.